← All builds
Pond / Cortex / Economy first / OBSERVED BUILD

Sharpshooter buy

Cortex Pond build order · Supreme Isthmus

Pond buys Sharpshooters from Tech from around 5:09, paying heavily in metal and energy, sending them to fight in the middle as an early skirmish push while keeping its own economy going.

#push #team support · 106 distinct matches · 39 players · 15% of Cortex Pond games · team won 46% of 107 · Recently observed

THE CATCH, AND WHAT COMES WITH IT
  • SharpshooterSniper bot from Tech arrives 5:09 · 12% of role by thenTech makes it and hands it over.

Paid for by sending allies about 710 metal and 17,000 energy by 5:00; standard pond sends 110 metal and 10,000 energy.

Where those units first fight, in 107 games with kill data: in the middle 87%, on their own side 13%.

Those units destroy a typical 2,511 metal of enemy units by 15:00.

Then transitions into grunt (17% of army), tick (11% of army), rascal (10% of army).

HOW TO PLAY IT

Key timing: Sharpshooter handed over by 5:07

  1. Open tidals, mex and heavy wind/converter eco instead of a lab.
  2. Send Tech metal and energy to pay for the sniper buy.
  3. Take Sharpshooter 'sniper bot' units handed over by Tech.
  4. Fly snipers to the middle to support and snipe for front.
  5. Add an Advanced Metal Extractor as the eco transition.

Phase by phase

TYPICAL OF ITS 106 GAMES · AGAINST STANDARD POND
  1. 1
  2. 2
PLAY THE OPENING

Follow the example game's first 6:09 step by step: what to build now, what comes next, and where it goes. At 1× it keeps pace with your own game.

  1. 1

    Up to 5:00

    Economy
    • Metal Extractor4Mex
    • Tidal Generator8Tidalfor allies
    • Wind Turbine8Wind
    • Tidal Generator2Tidal
    • Energy Storage1Energy storage

    Some games also: converter (37%)

    By 5:00 in all: 4 mex · 8 wind · 2 tidal · 1 energy storage

    The example game in this phase · 7 steps
    1. Tidal ×12for Suicide front
    2. Mex ×4
    3. Wind ×4
    4. Energy storagefor Tech
    5. Wind ×4
    6. Energy storagefor Tech
    7. Wind ×7for Tech
  2. 2

    5:00 to 10:00

    Economy
    • Wind Turbine6Wind−11 vs standard

    Some games also: wind (40%) · converter (39%) · Guard (36%) · con turret (36%)

    The standard build makes here, this one skips: 3 converter

    By 10:00 in all: 4 mex · 20 wind · 2 tidal · 2 converter (standard 6) · 1 energy storage

    The example game in this phase · 112 steps
    1. Windfor Tech
    2. Bot LabBot Labdone 5:45
    3. GraverobberGraverobber ×2
    4. Construction BotCon botfor Tech
    5. Con turret ×2
    6. GruntGrunt ×10
    7. GraverobberGraverobber ×2
    8. Con turret ×2
    9. Wind ×11for Tech
    10. Construction BotCon bot
    11. Windfor Tech
    12. GraverobberGraverobber
    13. Converterfor Tech
    14. Windfor Tech
    15. GraverobberGraverobber
    16. Windfor Tech
    17. GraverobberGraverobber
    18. Converterfor Tech
    19. SharpshooterSniper botdone 9:52
    20. Windfor Tech
    21. GraverobberGraverobber ×2
    22. Converterfor Tech
    23. Wind ×2
    24. Wind ×2for Tech
    25. Con turret
    26. Wind ×3for Tech
    27. Construction BotCon botfor Tech
    28. Windfor Tech
    29. Converterfor Tech
    30. GruntGrunt ×2
    31. Windfor Tech
    32. GruntGrunt ×3
    33. Windfor Tech
    34. Converterfor Tech
    35. GruntGrunt ×2
    36. Windfor Tech
    37. GruntGrunt
    38. Windfor Tech
    39. GruntGrunt
    40. Converterfor Tech
    41. GruntGrunt
    42. Windfor Tech
    43. GruntGrunt
    44. Windfor Tech
    45. GruntGrunt
    46. Converterfor Tech
    47. GruntGrunt
    48. Windfor Tech
    49. GruntGrunt ×2
    50. Wind
    51. Windfor Tech
    52. GruntGrunt
    53. Converterfor Tech
    54. GruntGrunt
    55. Windfor Tech
    56. Wind
    57. Mex
    58. GruntGrunt
    59. Wind
    60. GruntGrunt
    61. Windfor Tech
    62. Converterfor Tech
    63. Wind
    64. GruntGrunt
    65. Windfor Tech
    66. Wind
    67. GruntGrunt ×2
    68. Mex
    69. Wind ×2
    70. Advanced Metal ExtractorT2 mexfor Techdone 12:02 · typical 10:06
    71. GraverobberGraverobber
    72. Wind
    73. Metal storagefor Tech
    74. GraverobberGraverobber
    75. Radar TowerRadar Tower
    76. Wind
    77. BeholderBeholderfor Tech
    78. GraverobberGraverobber
    79. Wind
    80. GraverobberGraverobber
    81. Advanced Metal ExtractorT2 mexfor Tech
    82. Wind
    83. GraverobberGraverobber
    84. GuardGuard
    85. Wind
    86. Advanced Metal ExtractorT2 mexfor Tech
    87. Wind
    88. GuardGuard ×2
    89. Advanced Metal ExtractorT2 mexfor Tech
    90. Wind ×3
    91. Windfor Tech
    92. GruntGrunt
    93. Bot LabEat Bot Labreclaimed for its metal
    94. Wind
    95. Wind ×2for Tech
    96. Windfor Tech
    97. Bot LabBot Labdone 13:25
    98. Windfor Tech
    99. Windfor Tech
    100. Windfor Tech
    101. Bot LabBot Labdone 13:29
    102. Windfor Tech
    103. Wind ×2for Tech
    104. CenturionCenturion
    105. Windfor Tech
    106. Windfor Tech
    107. GruntGrunt
    108. Wind ×3for Tech
    109. GruntGrunt ×2
    110. Windfor Tech
    111. Windfor Tech
    112. Windfor Tech

Counts are medians over the build's games: half of them build more, half fewer. The example game is SUNTZ's (34 OS, 08/08/2026); pick another.

Team trades

IN AT LEAST 30% OF ITS GAMES

You hand over

  • Tidal Generator8 Tidal to Suicide front or Frontfirst at 0:16 · in 97% of games

You get

  • Construction Bot1 Con bot from Geofirst at 2:26 · in 39% of games
  • Hercules1 Light transport from Air or Techfirst at 5:08 · in 36% of games
  • Sharpshooter2 Sniper bot from Techfirst at 5:09 · in 100% of games
  • Advanced Construction Bot1 T2 con bot from Techfirst at 8:30 · in 97% of games

How it plays out

Typical game of this build against the role’s standard build, running totals by minute

  • This build
  • Standard pond

Metal produced

010k20k
0:005:0010:0015:00

metal

Enemy metal destroyed

02k4k6k
0:005:0010:0015:00

metal

Own metal lost

02k4k
0:005:0010:0015:00

metal

Metal sent to allies

01k2k
0:005:0010:0015:00

metal

Energy sent to allies

025k50k75k
0:005:0010:0015:00

metal

107 games.

Show as table
ByMetal produced: This buildMetal produced: Standard pondEnemy metal destroyed: This buildEnemy metal destroyed: Standard pondOwn metal lost: This buildOwn metal lost: Standard pondMetal sent to allies: This buildMetal sent to allies: Standard pondEnergy sent to allies: This buildEnergy sent to allies: Standard pond
1:001151150000001464995
2:0026725900000032012365
3:0079973700000059504436
4:00147214090000243089886554
5:002194213000007121131677710268
6:0029002949000010354032771311852
7:003702382937000012294453518314303
8:00449348741160541408612794534032817340
9:0053766257185522047018913284684533021198
10:00641476612560350102164013884684718022906
11:00782998593233766138683614224685486425778
12:00986312092361211961892107514944826055827224
13:001195914534399815782088166115304826775032595
14:001409816881457518142628199515545326907437744
15:001612019361510426323074296416775486926941136
WHAT THE NUMBERS SAY

Won more often than the standard build, trading lower metal production for notably higher enemy metal destroyed.

  • + Destroyed 3035 enemy metal by 10:00, well above standard's 1229.
  • + Hercules transports arrive by 4:55 in 46% of games vs 15% role norm.
  • − Metal produced fell behind at every checkpoint, 16992 vs 19066 by 15:00.
  • − Own metal lost climbed to 1354 by 10:00 vs 755 standard.
THE EXAMPLE YOU ARE READING

SUNTZ

33.6 OS · 08/08/2026

Open source match ↗

43 received units · includes a constructor
625 metal received · 26349 energy received

Allied construction assistance is unknown. Timings are observations, not a promise of solo reproducibility.

Typical milestones

Advanced Metal Extractor10:06Middle 50%: 9:14–10:56 · n=100

Played most by

Boozha18games of this build[Grump]Matsuri13games of this buildDouglasBacon7games of this buildpyrothraxus5games of this build[Crd]Mind_The_Gap4games of this build